 Dungeon Crawl Stone Soup version 0.18.1-50-g88ac8fd (webtiles) character file.

26035 urga the Brawler (level 13, -1/86 HPs)
             Began as a Merfolk Berserker on Oct 18, 2016.
             Was a High Priest of Trog.
             Slain by a hell rat (3 damage)
             ... on level 3 of the Lair of Beasts.
             The game lasted 00:35:15 (16084 turns).

urga the Brawler (Merfolk Berserker)               Turns: 16084, Time: 00:35:16

Health: -1/86      AC: 22    Str: 19    XL:     13   Next: 23%
Magic:  13/13      EV:  6    Int: 14    God:    Trog [*****.]
Gold:   840        SH:  0    Dex: 14    Spells: 0 memorised, 12 levels left

rFire  . . .     SeeInvis +       - Unarmed
rCold  . . .     Gourm    .     f - +0 plate armour
rNeg   . . .     Faith    .     (no shield)
rPois  +         Spirit   .     F - +2 helmet {SInv}
rElec  .         Dismiss  .     G - +0 cloak
rCorr  .         Reflect  .     a - +0 pair of gloves
SustAt .         Harm     .     e - +2 pair of boots {run}
MR     .....                    s - amulet of magic regeneration
Stlth  ..........               h - ring of poison resistance
                                y - +5 ring of intelligence

@: very heavily drained, quick, not resistant to hostile enchantments, extremely
unstealthy
A: change form in water, swift swim
a: Berserk, Trog's Hand, Brothers in Arms, Burn Spellbooks, Renounce Religion


You were on level 3 of the Lair of Beasts.
You worshipped Trog.
Trog was extremely pleased with you.
You were very hungry.

You visited 2 branches of the dungeon, and saw 14 of its levels.

You collected 988 gold pieces.
You spent 148 gold pieces at shops.

Inventory:

Missiles
 c - 2 exploding tomahawks
 i - 7 javelins of returning (quivered)
Armour
 a - a +0 pair of gloves (worn)
 e - a +2 pair of boots of running (worn)
 f - a +0 plate armour (worn)
 F - a +2 helmet of see invisible (worn)
 G - a +0 cloak (worn)
 L - the +1 leather armour of Risat {Str+5}
   (You found it on level 8 of the Dungeon)

   It affects your strength (+5).
Rods
 U - a +0 lightning rod (10/10)
   (You found it on level 2 of the Lair of Beasts)
Jewellery
 h - a ring of poison resistance (right hand)
 s - an amulet of magic regeneration (around neck)
 y - a +5 ring of intelligence (left hand)
 J - an uncursed ring of see invisible
 O - an uncursed ring of flight
Wands
 g - a wand of enslavement (9/24)
 l - a wand of iceblast (13/15)
 D - a wand of acid (4/15)
 H - a wand of polymorph (9/24)
 Q - a wand of confusion (37/48)
Scrolls
 d - 3 scrolls of recharging
 j - a scroll of enchant weapon
 q - a scroll of blinking {unknown}
 r - 2 scrolls of immolation
 t - 4 scrolls of amnesia
 v - a scroll of noise
 x - 6 scrolls of identify
 z - 2 scrolls of teleportation
 A - a scroll of magic mapping {unknown}
 E - a scroll of torment {unknown}
 K - a scroll of remove curse
 P - a scroll of brand weapon {unknown}
Potions
 k - a potion of flight
 m - a potion of resistance
 p - 4 potions of berserk rage
 u - 2 potions of invisibility
 B - a potion of magic
 C - 2 potions of might
 M - a potion of cure mutation {unknown}
 R - 2 potions of brilliance {unknown}
 S - a potion of lignification {unknown}
Comestibles
 b - 5 bread rations
 n - 2 beef jerkies
 o - a royal jelly
 w - 5 meat rations
 I - 14 fruits
 N - 2 slices of pizza


   Skills:
 - Level 3.2(0.5) Fighting
 - Level 5.6(2.6) Throwing
 - Level 10.0(6.6) Armour
 + Level 4.8(1.9) Dodging
 + Level 17.4(13.4) Unarmed Combat


You had 12 spell levels left.
You didn't know any spells.

Dungeon Overview and Level Annotations

Branches:
Dungeon (11/15)            Temple (0/1) D:4            Lair (3/8) D:8
  Swamp: Lair:3-6    Shoals: Lair:3-6     Snake: Lair:3-6    Spider: Lair:3-6
    Orc: D:9-12

Altars:
Cheibriados
Fedhas
Gozag
Kikubaaqudgha
Makhleb
Qazlal
Ru
Trog
Vehumet
Xom
Yredelemnul

Shops:
D:6 %   D:7 [   D:9 (   D:10 %   D:11 (

Annotations:
D:3 exclusion: oklob plant
Lair:2 exclusion: 2 oklob plants


Message History

* * * LOW HITPOINT WARNING * * *
You feel drained.
* * * LOW HITPOINT WARNING * * *
The hell rat barely misses you.
The hell rat bites you but does no damage.
The hell rat bites you.
* * * LOW HITPOINT WARNING * * *
You feel drained. The hell rat bites you!
* * * LOW HITPOINT WARNING * * *
You feel drained.
* * * LOW HITPOINT WARNING * * *
Your deep troll goes berserk!
You feel somewhat more hungry. The hell rat barely misses you. x2
The hell rat bites you but does no damage. x2
The hell rat bites you.
* * * LOW HITPOINT WARNING * * *
The hell rat bites you!
* * * LOW HITPOINT WARNING * * *
You feel drained.
You die...

..... #.# #..
......##.#####...
##....+........#
#P............##
##.....#.......#
#P....#.......#
#......#......#
#.T....#.###P#
#..@r.##.###
#.rr.........
...P..rr.........
........$........
..>..............
..................
.................
.................
.##.##.........!


You could see 5 hell rats and a friendly deep troll (berserk).

Vanquished Creatures
  A hydra (Lair:1)
  Harold (D:11)
  A death knight (D:11)
  A skeletal warrior (D:11)
  The ghost of MudFish the Cleaver, a novice MiAK of Lugonu (D:8)
  2 unseen horrors
  2 hill giants (D:11)
  An ugly thing (D:11)
  A manticore (D:11)
  Joseph (D:7)
  2 black mambas (Lair:2)
  A gargoyle (D:11)
  Psyche (D:9)
  A spiny frog (Lair:1)
  2 komodo dragons (Lair:1)
  2 freezing wraiths (D:11)
  A polar bear (Lair:2)
  2 trolls
  2 two-headed ogres (D:8)
  A raiju (shapeshifter) (D:8)
  8 blink frogs (Lair:2)
  7 spriggans (Lair:1)
  A wyvern (D:10)
  A basilisk (Lair:2)
  5 hippogriffs
  21 yaks
  A steam dragon (D:11)
  A fire elemental (Lair:2)
  Edmund (D:5)
  4 water moccasins
  6 porcupines
  4 ice beasts
  4 sky beasts
  An eye of draining (D:8)
  3 orc warriors
  2 phantoms
  3 black bears
  7 wolves
  8 ogres
  9 centaurs
  9 crocodiles
  A big kobold (D:9)
  8 giant frogs
  2 gnoll sergeants
  2 wyvern zombies (D:8)
  A water moccasin zombie (D:5)
  2 scorpions
  3 wights (D:7)
  4 howler monkeys
  4 electric eels
  A lava snake (Lair:2)
  A centaur zombie (D:9)
  3 crimson imps
  A giant frog zombie (D:7)
  A giant frog skeleton (D:8)
  3 jellies
  7 orc wizards
  3 orc priests
  2 centaur skeletons
  5 hounds
  Jessica (D:2)
  7 iguanas
  A hell rat (Lair:3)
  9 worker ants
  11 sheep (Lair:2)
  A hound zombie (D:8)
  A hound skeleton (D:4)
  12 adders
  12 gnolls
  A howler monkey skeleton (D:4)
  10 river rats (Lair:2)
  4 shadow imps
  2 oozes
  An adder zombie (D:8)
  2 adder skeletons
  2 dart slugs
  10 giant geckos
  30 orcs
  A ball python (D:3)
  11 bats
  3 giant cockroaches
  2 gnoll zombies (D:3)
  17 goblins
  7 hobgoblins
  8 jackals
  12 kobolds
  5 quokkas
  2 giant newts
  A quokka zombie (D:9)
  11 rats
384 creatures vanquished.

Vanquished Creatures (collateral kills)
  A hydra (Lair:1)
  A crocodile (Lair:1)
2 creatures vanquished.

Vanquished Creatures (others)
  3 fungi (Lair:2)
  5 plants (Lair:2)
8 creatures vanquished.

Grand Total: 394 creatures vanquished

Notes
Turn   | Place    | Note
--------------------------------------------------------------
     0 | D:1      | urga the Merfolk Berserker began the quest for the Orb.
     0 | D:1      | Reached XP level 1. HP: 18/18 MP: 1/1
   288 | D:1      | Reached XP level 2. HP: 24/24 MP: 2/2
   298 | D:1      | Identified a +0 pair of boots of running (You found it on level 1 of the Dungeon)
   305 | D:1      | Reached skill level 4 in Unarmed Combat
   672 | D:1      | Reached ** piety under Trog
   906 | D:1      | Reached XP level 3. HP: 27/29 MP: 3/3
  1130 | D:2      | Noticed Jessica
  1136 | D:2      | Found a snail-covered altar of Cheibriados.
  1156 | D:2      | Killed Jessica
  1156 | D:2      | Reached skill level 5 in Unarmed Combat
  1331 | D:2      | Reached XP level 4. HP: 31/35 MP: 4/4
  1563 | D:2      | Found an opulent altar of Gozag.
  1566 | D:2      | Found a stormy altar of Qazlal.
  1645 | D:2      | Found a radiant altar of Vehumet.
  1853 | D:3      | Reached skill level 6 in Unarmed Combat
  1853 | D:3      | Reached XP level 5. HP: 30/41 MP: 5/5
  1880 | D:3      | Found a faded altar to an unknown god.
  1914 | D:3      | Found a blossoming altar of Fedhas.
  1932 | D:3      | Noticed an oklob plant
  1992 | D:3      | Found a basalt altar of Yredelemnul.
  2071 | D:3      | Found a sacrificial altar of Ru.
  2095 | D:3      | Reached *** piety under Trog
  2807 | D:4      | Found a staircase to the Ecumenical Temple.
  2825 | D:4      | Reached skill level 7 in Unarmed Combat
  2844 | D:4      | Reached XP level 6. HP: 28/47 MP: 6/6
  3376 | D:4      | Reached skill level 8 in Unarmed Combat
  3653 | D:4      | Reached XP level 7. HP: 40/52 MP: 7/7
  3802 | D:4      | Found a burning altar of Makhleb.
  3934 | D:4      | Reached skill level 9 in Unarmed Combat
  3994 | D:5      | Entered Level 5 of the Dungeon
  3994 | D:5      | Noticed Edmund
  4012 | D:5      | Killed Edmund
  4286 | D:5      | Reached skill level 10 in Unarmed Combat
  4286 | D:5      | Reached XP level 8. HP: 37/58 MP: 8/8
  4584 | D:5      | Reached **** piety under Trog
  4989 | D:5      | Reached skill level 11 in Unarmed Combat
  5173 | D:5      | Found a shimmering altar of Xom.
  5542 | D:6      | Found Nara's Food Emporium.
  5633 | D:6      | Found an ancient bone altar of Kikubaaqudgha.
  5634 | D:6      | Found a sacrificial altar of Ru.
  5724 | D:6      | Reached skill level 12 in Unarmed Combat
  5774 | D:6      | Reached XP level 9. HP: 64/64 MP: 9/9
  6190 | D:7      | Found a bloodstained altar of Trog.
  6201 | D:7      | Reached skill level 13 in Unarmed Combat
  6579 | D:7      | Found Nuwkya's Antique Armour Boutique.
  6579 | D:7      | Noticed Joseph
  6594 | D:7      | Killed Joseph
  6594 | D:7      | Reached skill level 14 in Unarmed Combat
  6816 | D:7      | Bought a shiny helmet for 148 gold pieces
  7070 | D:8      | Reached XP level 10. HP: 47/70 MP: 10/10
  7081 | D:8      | Reached ***** piety under Trog
  7090 | D:8      | Reached skill level 15 in Unarmed Combat
  7176 | D:8      | Noticed an unseen horror
  7192 | D:8      | Killed an unseen horror
  7443 | D:8      | Got a slimy leather armour
  7454 | D:8      | Identified the cursed +1 leather armour of Risat {Str+5} (You found it on level 8 of the Dungeon)
  7812 | D:8      | Noticed MudFish's ghost (novice MiAK)
  7816 | D:8      | Reached skill level 16 in Unarmed Combat
  7829 | D:8      | Killed MudFish's ghost
  8041 | D:8      | Found a staircase to the Lair.
  8491 | D:9      | Reached XP level 11. HP: 75/75 MP: 11/11
  8540 | D:9      | Found Nunyliurgh's Antique Weapon Shoppe.
  8589 | D:9      | Noticed Psyche
  8596 | D:9      | Killed Psyche
  8596 | D:9      | Reached skill level 17 in Unarmed Combat
  9175 | D:10     | Entered Level 10 of the Dungeon
  9213 | D:10     | Received a gift from Trog
  9708 | D:10     | Found Vebia's Food Emporium.
 10055 | D:11     | Found Fany's Antique Weapon Shop.
 10077 | D:11     | Noticed Harold
 10094 | D:11     | Reached skill level 1 in Throwing
 10111 | D:11     | Killed Harold
 10206 | D:11     | Reached skill level 5 in Armour
 10650 | D:11     | Found a bloodstained altar of Trog.
 10763 | D:11     | Noticed a hill giant
 10769 | D:11     | Killed a hill giant
 10847 | D:11     | Noticed a death knight
 10862 | D:11     | Reached XP level 12. HP: 42/81 MP: 12/12
 11204 | D:11     | Reached skill level 5 in Throwing
 11451 | D:11     | Killed a death knight
 11466 | D:11     | HP: 2/81 [skeletal warrior/enchanted battleaxe[a death knight] (19)]
 12114 | Lair:1   | Entered Level 1 of the Lair of Beasts
 12320 | Lair:1   | Noticed an eight-headed hydra
 12331 | Lair:1   | Killed an eight-headed hydra
 12451 | Lair:1   | Noticed a five-headed hydra
 12459 | Lair:1   | Killed a five-headed hydra
 12815 | Lair:1   | Received a gift from Trog
 14099 | Lair:2   | Received a gift from Trog
 14218 | Lair:2   | Reached XP level 13. HP: 86/86 MP: 13/13
 14314 | Lair:2   | Received a gift from Trog
 14458 | Lair:2   | Reached skill level 10 in Armour
 16084 | Lair:3   | HP: 2/86 [hell rat (11)]
 16084 | Lair:3   | Slain by a hell rat

Skill      XL: |  1  2  3  4  5  6  7  8  9 10 11 12 13 |
---------------+----------------------------------------+-----
Unarmed Combat | 4 5 6 7 8 10 12 14 16 17 | 17.4
Armour         | 5 9 10 | 10.0
Throwing       | 4 5 |  5.6
Dodging        | 4 |  4.8
Fighting       | |  3.2

Action                   |  1- 3 |  4- 6 |  7- 9 | 10-12 | 13-15 || total
-------------------------+-------+-------+-------+-------+-------++-------
Melee: Unarmed           |   134 |   258 |   299 |   650 |   179 ||  1520
       Punch             |       |     5 |    16 |    17 |     8 ||    46
       Tailslap          |       |     1 |       |       |       ||     1
Invok: Berserk           |     2 |     1 |    16 |    22 |     3 ||    44
       Trog's Hand       |       |       |       |     2 |       ||     2
       Brothers in Arms  |       |       |       |     1 |     1 ||     2
  Use: Scroll            |       |       |     7 |    18 |       ||    25
       Potion            |       |       |       |     8 |     1 ||     9
 Stab: Invisible         |       |       |       |     1 |       ||     1
  Eat: Chunk             |     3 |     7 |    16 |    32 |     6 ||    64
       Bread ration      |       |       |     3 |     3 |       ||     6
       Beef jerky        |       |       |       |     1 |       ||     1
Armor: Plate armour      |    73 |   170 |   140 |   367 |   101 ||   851
       Animal skin       |     2 |       |       |       |       ||     2
Dodge: Dodged            |    54 |    72 |    65 |   147 |    67 ||   405
